 Dungeon Crawl Stone Soup version 0.32-a0-40-g2adb59ae06 (webtiles) character file.

Game seed: 2460320843733479177

147 Newt the Shooter (level 5, -4/32 HPs)
             Began as a Kobold Hunter on Jan 24, 2024.
             Slain by an ogre
             ... wielding a +0 giant club
              (36 damage)
             ... on level 4 of the Dungeon.
             The game lasted 00:01:59 (2790 turns).

Newt the Shooter (Kobold Hunter)                    Turns: 2790, Time: 00:02:00

Health: -4/32      AC:  4    Str:  9    XL:     5   Next: 54%
Magic:  5/5        EV: 22    Int: 10    God:
Gold:   100        SH:  0    Dex: 26    Spells: 4/4 levels left

rFire   . . .        a - +2 shortbow
rCold   . . .        (shield currently unavailable)
rNeg    . . .        c - +0 leather armour
rPois   .            s - +0 helmet
rElec   .            (no cloak)
rCorr   .            (no gloves)
SInv    .            (no boots)
Will    .....        (no amulet)
Stlth   +++          i - +6 ring of dexterity
HPRegen 0.25/turn    p - +5 ring of evasion
MPRegen 0.09/turn

%: no passive effects
@: no status effects
A: small, no large weapons, nightstalker 3
a: no special abilities


You were on level 4 of the Dungeon.
You visited 1 branch of the dungeon, and saw 4 of its levels.

You collected 100 gold pieces.

Inventory:

Hand Weapons
 a - a +2 shortbow (weapon)
Armour
 c - a +0 leather armour (worn)
 s - a +0 helmet (worn)
Jewellery
 i - a +6 ring of dexterity (left hand)
 p - a +5 ring of evasion (right hand)
Wands
 t - a wand of charming (10)
Scrolls
 b - a scroll of butterflies
 d - a scroll of revelation
 f - a scroll of teleportation
 l - a scroll of vulnerability {unknown}
 m - a scroll of identify
 n - a scroll of immolation
 o - a scroll of noise {unknown}
 q - a scroll of enchant armour {unknown}
Potions
 e - a potion of brilliance
 g - 2 potions of curing
 h - a potion of lignification
 j - a potion of enlightenment {unknown}
 k - a potion of degeneration {unknown}
 r - a potion of haste {unknown}


   Skills:
 + Level 3.3 Fighting
 * Level 7.1 Ranged Weapons
 + Level 3.8 Dodging
 - Level 1.3 Stealth


You had 4 spell levels left.
You didn't know any spells.
Your spell library contained the following spells:

 Spells                   Type           Power      Damage    Failure   Level
 Magic Dart               Conj           0%         1d3       47%         1
 Blink                    Tloc           0%         N/A       63%         2
 Call Imp                 Summ           0%         N/A       63%         2
 Sublimation of Blood     Necr           0%         N/A       63%         2
 Frozen Ramparts          Ice            0%         1d1       85%         3
 Gell's Gravitas          Tloc           0%         N/A       85%         3
 Teleport Other           Tloc           0%         N/A       85%         3
 Leda's Liquefaction      Alch/Erth      0%         N/A       99%         4
 Petrify                  Alch/Erth      0%         N/A       99%         4
 Irradiate                Conj/Alch      0%         3d11      100%        5
 Metabolic Englaciation   Hex/Ice        0%         N/A       100%        5
 Dispersal                Tloc           0%         N/A       100%        6


Dungeon Overview and Level Annotations

Branches:
Dungeon (4/15)
 Temple: D:4-7

Altars:

Annotations:
D:1 2 runed translucent doors


Innate Abilities, Weirdness & Mutations

You are small and have problems with some larger weapons.
You are completely attuned to the shadows.


Message History

The adder is severely wounded.
You feel sick. The adder completely misses you. The adder barely misses you.
An adder is nearby!
You shoot an arrow. The arrow barely misses the adder.
You feel sick. The adder misses you.
An adder is nearby!
You shoot an arrow. The arrow hits the adder!
You kill the adder!
You feel sick.
No target in view!
You feel sick.
You feel sick.
You are no longer poisoned.
HP restored.
Found a dagger.
You open the door.
There is an open door here.
A quokka comes into view.
A quokka is nearby!
You shoot an arrow. The arrow hits the quokka!
You kill the quokka!
No target in view!
No target in view!
An ogre comes into view. It is wielding a +0 giant club.
An ogre is nearby!
You shoot an arrow.
The arrow hits the ogre but does no damage.
The ogre shouts!
You shoot an arrow. The arrow barely misses the ogre.
Okay, then.
You shoot an arrow. The arrow hits the ogre.
The ogre is lightly wounded.
You shoot an arrow. The arrow hits the ogre!
The ogre is heavily wounded.
The ogre closely misses you.
You shoot an arrow. The arrow hits the ogre!
The ogre is severely wounded.
The ogre hits you with a +0 giant club!!!
Ouch! That really hurt!
You die...

###.#######
#.# #.# #.#
#.# #.# #.#
#.#######
#...@O...
#.#######
###


You could see an ogre.

Vanquished Creatures
  Robin (D:3)
  7 adders
  2 ribbon worms
  7 endoplasms (D:2)
  A giant cockroach (D:3)
  15 goblins
  2 hobgoblins
  3 jackals (D:2)
  4 quokkas
  7 ball pythons
  3 bats
  3 frilled lizards (D:3)
  6 kobolds
  8 rats
69 creatures vanquished.

Notes
Turn   | Place    | Note
-------+----------+-------------------------------------------
     0 | D:1      | Newt the Kobold Hunter began the quest for the Orb.
     0 | D:1      | Reached XP level 1. HP: 12/12 MP: 1/1
   126 | D:1      | Reached XP level 2. HP: 18/18 MP: 2/2
   126 | D:1      | Found a large runed translucent door.
   126 | D:1      | Found a large runed translucent door.
   128 | D:1      | Noticed an ogre
   131 | D:1      | Noticed an ogre
   131 | D:1      | Noticed an ogre
   131 | D:1      | Noticed an ogre
  1005 | D:2      | Reached XP level 3. HP: 19/22 MP: 3/3
  1009 | D:2      | Reached skill level 6 in Ranged Weapons
  1093 | D:2      | Reached XP level 4. HP: 22/27 MP: 4/4
  1971 | D:3      | Reached XP level 5. HP: 32/32 MP: 5/5
  2327 | D:3      | Noticed Robin
  2336 | D:3      | Killed Robin
  2338 | D:3      | Reached skill level 7 in Ranged Weapons
  2785 | D:4      | Noticed an ogre
  2790 | D:4      | Slain by an ogre

Illustrated notes

Levels and vault maps discovered:
D:1:      erik_arrival_cave_to_civilisation [erik_arrival_cave_to_temple],
          layout_loops_ring
D:2:      layout_loops_cross, kennysheep_decorative_pillar, minmay_pentomino_v2
D:3:      layout_loops_cross, uniq_robin
D:4:      layout_basic, serial_shops, kennysheep_mini_moat

Skill      XL: |  1  2  3  4  5 |
---------------+----------------+-----
Ranged Weapons | 6 7 |  7.1
Dodging        | 3 |  3.8
Fighting       | 3 |  3.3
Stealth        | |  1.3

Action                     |  1- 3 |  4- 6 || total
---------------------------+-------+-------++-------
   Fire: Shortbow          |    47 |   101 ||   148
    Use: Scroll            |     5 |     4 ||     9
 Armour: Leather armour    |     9 |    10 ||    19
  Dodge: Dodged            |    14 |    46 ||    60

Table legend: (Time is in decaauts)
 A = Elapsed time spent in this place.
 B = Non-inter-level travel time spent in this place.
 C = Inter-level travel time spent in this place.
 D = Time resting spent in this place.
 E = Time spent auto-exploring this place.
 F = Levels seen in this place.
 G = Mean time per level.
                   A        B        C        D        E       F      G
               +--------+--------+--------+--------+--------+-----+--------+
         Total |   2807 |   2685 |    122 |      0 |   2394 |   4 |  701.8 |
       Dungeon |   2807 |   2685 |    122 |      0 |   2394 |   4 |  701.8 |
               +--------+--------+--------+--------+--------+-----+--------+

Top non-repeatable levels by time:
     D:1: 994 daAuts
     D:2: 939 daAuts
     D:3: 795 daAuts
     D:4: 78 daAuts
